 Dungeon Crawl Stone Soup version 0.18-a0-265-g7d804c3 (webtiles) character file.

219 Azhtabak the Grasshopper (level 5, 0/40 (41) HPs)
             Began as a Ghoul Warper on Nov 26, 2015.
             Slain by an iguana (9 damage)
             ... on level 4 of the Dungeon.
             The game lasted 00:13:21 (4166 turns).

Azhtabak the Grasshopper (Ghoul Warper)             Turns: 4166, Time: 00:13:21

HP:   0/40 (41)     AC:  3    Str: 15    XL:     5   Next: 96%
MP:   6/6           EV: 11    Int:  9    God:
Gold: 126           SH:  0    Dex:  8    Spells: 3 memorised, 2 levels left

rFire  . . .     SeeInvis .     a - +2 hand axe
rCold  + . .     Clarity  .     b - +0 leather armour
rNeg   + + +     SustAt   .     (no shield)
rPois  ∞         Gourm    .     (no helmet)
rElec  .         Spirit   .     (no cloak)
rCorr  .         Warding  .     (no gloves)
rMut   .         Stasis   .     (no boots)
MR     .....                    (no amulet)
Stlth  +.........               (no ring)
                                (no ring)

@: rotting, not resistant to hostile enchantments, very unstealthy
A: rotting body, claws 1, carnivore 3, cold resistance 1, negative energy
resistance 3, slow regeneration 1, torment resistance, unbreathing
a: no special abilities


You were on level 4 of the Dungeon.
You were not hungry.

You visited 1 branch of the dungeon, and saw 4 of its levels.

You collected 126 gold pieces.

Inventory:

Hand Weapons
 a - a +2 hand axe (weapon)
Missiles
 e - a tomahawk of dispersal {!a}
 g - 37 sling bullets
 i - 61 stones (quivered)
Armour
 b - a +0 leather armour (worn)
 h - a +0 ring mail
Jewellery
 m - an uncursed amulet of stasis {unknown}
 q - an uncursed ring of protection from magic {unknown}
Wands
 u - a wand of magic darts (21)
Scrolls
 d - a scroll of blinking
 k - a scroll of immolation {unknown}
 o - a scroll of teleportation {unknown}
 p - a scroll of fear
Potions
 j - a potion of haste
 l - a potion of agility {unknown}
 r - 3 potions of curing {unknown}
 t - a potion of flight {unknown}
Books
 c - a book of Spatial Translocations

   Spells                             Type                      Level
   a - Apportation                    Translocation                1
   b - Blink                          Translocation                2
   c - Shroud of Golubria             Charms/Translocation         2
   d - Portal Projectile              Translocation                3
   e - Teleport Other                 Translocation                3
   f - Passage of Golubria            Translocation                4
Comestibles
 f - a meat ration
 n - a slice of pizza


   Skills:
 - Level 2.1 Fighting
 + Level 3.9 Axes
 - Level 0.8 Throwing
 - Level 0.8 Armour
 - Level 1.7 Dodging
 - Level 1.7 Spellcasting
 + Level 4.6 Translocations


You had 2 spell levels left.
You knew the following spells:

 Your Spells              Type           Power        Failure   Level  Hunger
a - Apportation           Tloc           #.........   8%          1    ##.....
b - Blink                 Tloc           N/A          12%         2    ###....
c - Shroud of Golubria    Chrm/Tloc      #.........   28%         2    ###....


Dungeon Overview and Level Annotations

Branches:
Dungeon (4/15)
 Temple: D:4-7

Altars:
Cheibriados
Dithmenos

Annotations:
D:3 P0WERM0DE's ghost, weakling DsWn


Innate Abilities, Weirdness & Mutations

Your body is rotting away.
You thrive on raw meat.
You are immune to poison.
You have sharp fingernails.
You are carnivorous and can eat meat at any time.
Your flesh is cold resistant.
You are immune to negative energy.
You regenerate slowly when monsters are visible.
You are immune to unholy pain and torment.
You can survive without breathing.


Message History

You throw a stone. The stone completely misses the iguana.
The iguana hisses angrily.
Throwing (i - inventory. (,) - cycle):
i - 63 stones (quivered)
Press: ? - help, Shift-Dir - straight line, f/p - iguana
Aim: an iguana You throw a stone.
The stone hits the iguana but does no damage.
Throwing (i - inventory. (,) - cycle):
i - 62 stones (quivered)
Press: ? - help, Shift-Dir - straight line, f/p - iguana
Aim: an iguana You throw a stone.
The stone closely misses the iguana.
You barely miss the iguana. The iguana misses you.
You barely miss the iguana. The iguana bites you!
You closely miss the iguana. The iguana bites you.
You hit the iguana but do no damage. The iguana bites you!
* * * LOW HITPOINT WARNING * * *
You are too injured to fight recklessly!
You are too injured to fight recklessly!
You closely miss the iguana. The iguana bites you!
You die...

## ##(##
..(# ..##
#l.######
#@.......
#÷)...?.$
#.....#####
#..###..#
#..# #.# ..
#. #> #. #.


You could see an iguana.

Vanquished Creatures
  An orc priest (D:3)
  Ijyb (D:2)
  An orc wizard (D:3)
  6 adders
  A worm (D:3)
  2 giant geckos
  9 orcs (D:3)
  A ball python (D:3)
  4 bats
  4 giant cockroaches
  6 hobgoblins
  2 quokkas (D:3)
  2 giant newts
  12 goblins
  8 kobolds
  8 rats
68 creatures vanquished.

Notes
Turn   | Place    | Note
--------------------------------------------------------------
     0 | D:1      | Azhtabak the Ghoul Warper began the quest for the Orb.
     0 | D:1      | Reached XP level 1. HP: 17/17 MP: 2/2
   526 | D:1      | Reached skill level 3 in Translocations
   526 | D:1      | Reached XP level 2. HP: 24/24 MP: 3/3
  1549 | D:2      | Reached XP level 3. HP: 20/28 MP: 4/4
  1734 | D:2      | Learned a level 2 spell: Blink
  1737 | D:2      | Learned a level 2 spell: Shroud of Golubria
  1863 | D:2      | Found a snail-covered altar of Cheibriados.
  2625 | D:2      | Noticed Ijyb
  2647 | D:2      | Killed Ijyb
  2647 | D:2      | Reached XP level 4. HP: 17/36 MP: 5/5
  3072 | D:3      | Noticed P0WERM0DE's ghost (weakling DsWn)
  3560 | D:3      | Reached skill level 4 in Translocations
  3561 | D:3      | Reached XP level 5. HP: 36/40 MP: 6/6
  3795 | D:3      | HP: 2/41 [orc priest/morningstar (6)]
  3950 | D:3      | Found a shadowy altar of Dithmenos.
  4166 | D:4      | Slain by an iguana

Vault maps used:
D:1:      ncdulo_halloftheorcs
D:2:      cheibriados_altar_1, minmay_stone_trees_small,
          corexii_leaking_fountain, st_stairs_7, amalloy_card_club,
          uniq_sigmund, uniq_iyjb
D:3:      overflow_temple_1_default, minmay_misc_feat_rows, st_stairs_14

Action                   |  1- 3 |  4- 6 || total
-------------------------+-------+-------++-------
Melee: Hand axe          |   129 |   139 ||   268
Throw: Stone             |   100 |    50 ||   150
       Tomahawk          |     4 |       ||     4
Evoke: Deck              |     1 |       ||     1
  Use: Scroll            |       |     5 ||     5
  Eat: Chunk             |    12 |    24 ||    36
